 Dungeon Crawl Stone Soup version 0.31.0-12-g77e489cdc1 (webtiles) character file.

Game seed: 3721529677211995517

47786 bluebelleknoll the Severer (level 14, -3/136 HPs)
             Began as a Hill Orc Monk on Feb 15, 2024.
             Was a Priest of Beogh.
             Slain by a torpor snail (10 damage)
             ... on level 4 of the Lair of Beasts.
             The game lasted 01:05:48 (22978 turns).

bluebelleknoll the Severer (Hill Orc Monk)         Turns: 22978, Time: 01:05:49

Health: -3/136     AC: 16    Str: 25    XL:     14   Next: 43%
Magic:  22/22      EV: 11    Int: 10    God:    Beogh [***...]
Gold:   1031       SH: 15    Dex: 19    Spells: 9/13 levels left

rFire   . . .        q - +0 war axe (protect)
rCold   . . .        M - +3 warlock's mirror {omnireflect}
rNeg    . . .        y - +2 scale mail {Will+}
rPois   +            u - +0 helmet
rElec   .            (no cloak)
rCorr   .            (no gloves)
SInv    .            m - +2 pair of boots
Will    ++...        I - amulet of reflection Stlth
                     a - +6 ring of strength
HPRegen 0.42/turn    w - ring of Aphin {rPois Dex+6}
MPRegen 0.18/turn

%: reflection
@: about to teleport, slowed, invisible, very slow
A: no striking features
a: Renounce Religion, Smiting


You were on level 4 of the Lair of Beasts.
You worshipped Beogh.
Beogh was most pleased with you.
You visited 3 branches of the dungeon, and saw 21 of its levels.

You collected 1374 gold pieces.
You spent 343 gold pieces at shops.

Inventory:

Hand Weapons
 q - a +0 war axe of protection (weapon)
 K - a +1 antimagic spear
 L - a +2 halberd of venom
Missiles
 j - 8 javelins (quivered)
 k - 15 poisoned darts
 v - 6 atropa-tipped darts
 J - 3 throwing nets
Armour
 m - a +2 pair of boots (worn)
 u - a +0 helmet (worn)
 y - a +2 scale mail of willpower (worn)
 M - the +3 warlock's mirror (worn) {omnireflect}
   (You acquired it on level 11 of the Dungeon)

   Omnireflect: It can block and reflect piercing ranged attacks and magical
   attacks against the wielder's willpower.
Jewellery
 a - a +6 ring of strength (left hand)
 w - the ring of Aphin (right hand) {rPois Dex+6}
   (You bought it in a shop on level 5 of the Dungeon)

   [ring of poison resistance]

   Dex+6:     It affects your dexterity (+6).
   rPois:     It protects you from poison
 B - the ring "Qyaheysch" {Wiz ^Drain Fly rF++}
   (You acquired it on level 15 of the Dungeon)

   [ring of wizardry]

   Wiz:       It improves your spell success rate.
   rF++:      It greatly protects you from fire.
   Fly:       It grants you flight.
   ^Drain:    It drains your maximum health when unequipped.
 I - an amulet of reflection (around neck)
Wands
 d - a wand of digging (3)
 p - a wand of charming (15)
 D - a wand of iceblast (11)
 N - a wand of quicksilver (4)
Scrolls
 b - 2 scrolls of enchant armour
 f - 6 scrolls of teleportation
 s - a scroll of fear
 t - a scroll of poison
 x - 3 scrolls of identify
 A - a scroll of fog
 E - a scroll of vulnerability
 G - a scroll of brand weapon
 P - a scroll of silence
Potions
 c - 2 potions of ambrosia
 e - 8 potions of curing
 g - 2 potions of magic
 h - 7 potions of attraction
 i - 3 potions of enlightenment
 l - 2 potions of resistance
 o - a potion of invisibility
 r - 3 potions of mutation
 z - 2 potions of berserk rage
 C - 3 potions of haste
 F - a potion of might
 H - a potion of lignification {unknown}
Miscellaneous
 n - a phantom mirror (inert)
 O - a phial of floods


   Skills:
 - Level 15.9 Fighting
 - Level 17.2 Axes
 - Level 3.0 Throwing
 - Level 11.2 Armour
 - Level 2.4 Dodging
 + Level 10.3 Shields
 - Level 11.3 Invocations


You had 9 spell levels left.
You knew the following spells:

 Your Spells              Type           Power      Damage    Failure   Level
a - Blink                 Tloc           0%         N/A       78%         2
b - Sublimation of Blood  Necr           0%         N/A       78%         2

Your spell library contained the following spells:

 Spells                   Type           Power      Damage    Failure   Level
 Magic Dart               Conj           0%         1d3       65%         1
 Sting                    Conj/Alch      0%         1d3       65%         1
 Call Imp                 Summ           0%         N/A       78%         2
 Cigotuvi's Dreadful Rot  Necr/Alch/Air  0%         N/A       78%         2
 Lesser Beckoning         Tloc           0%         N/A       78%         2
 Mercury Vapours          Alch/Air       0%         N/A       78%         2
 Momentum Strike          Conj/Tloc      0%         3d8       78%         2
 Scorch                   Fire           0%         2d5       78%         2
 Searing Ray              Conj           0%         2d4       78%         2
 Inner Flame              Hex/Fire       0%         N/A       95%         3
 Mephitic Cloud           Conj/Alch/Air  0%         N/A       95%         3
 Stone Arrow              Conj/Erth      0%         3d7       95%         3
 Animate Armour           Summ/Erth      0%         N/A       100%        4
 Dispel Undead            Necr           0%         3d6       100%        4
 Flame Wave               Conj/Fire      0%         2d4       100%        4
 Fulminant Prism          Conj/Alch      0%         3d5       100%        4
 Ignite Poison            Fire/Alch      0%         N/A       100%        4
 Martyr's Knell           Necr/Summ      0%         N/A       100%        4
 Olgreb's Toxic Radiance  Alch           0%         N/A       100%        4
 Sticky Flame             Fire/Alch      0%         2d4       100%        4
 Summon Lightning Spire   Summ/Air       0%         N/A       100%        4
 Freezing Cloud           Conj/Ice/Air   0%         6-21      100%        5
 Lee's Rapid Deconstruct  Erth           0%         3d4*      100%        5
 Death Channel            Necr           0%         N/A       100%        6
 Summon Cactus Giant      Summ           0%         N/A       100%        6
 Summon Hydra             Summ           0%         N/A       100%        7
 Ignition                 Fire           0%         3d3       100%        8
 Lehudib's Crystal Spear  Conj/Erth      0%         10d2      100%        8


Dungeon Overview and Level Annotations

Branches:
Dungeon (15/15)            Temple (0/1) D:4            Lair (5/5) D:8
 Shoals (0/4) Lair:2        Snake (0/4) Lair:3          Orc (1/2) D:12
 Vaults (0/5) D:14         Depths (0/4) D:15
  Slime: Lair:4-5

Altars:
Ashenzari
Cheibriados
Dithmenos
Elyvilon
Fedhas
Gozag
Hepliaklqana
Makhleb
Nemelex Xobeh
Qazlal
Sif Muna
Trog
Yredelemnul
Zin
The Shining One
Beogh

Shops:
D:5 *   D:7 !   D:14 (

Annotations:
D:5 Grinder
D:7 2 transporters
D:11 1 runed translucent door, RockinRobin's ghost, journeyman DsCK
Lair:2 2 transporters
Lair:5 Snorg


Message History

Your orc priest hits the eight-headed hydra with a +0 club.
The torpor snail bites you!
You barely miss the death yak.
The death yak is moderately wounded.
You hit the torpor snail but do no damage.
You chop one of the eight-headed hydra's heads off!
The seven-headed hydra grows two more!
You hit the nine-headed hydra. You block the death yak's attack.
The nine-headed hydra bites you. The nine-headed hydra bites you!
You block the nine-headed hydra's attack.
The nine-headed hydra bites you.
The nine-headed hydra bites you but does no damage. x2
The nine-headed hydra bites you!
The nine-headed hydra closely misses you.
The nine-headed hydra barely misses you.
Your orc priest looks encouraged for a moment.
The torpor snail bites you.
* * * LOW HITPOINT WARNING * * *
The death yak gores you!
* * * LOW HITPOINT WARNING * * *
Okay, then.
As you read the scroll of fear, it crumbles to dust.
You assume a fearsome visage.
The nine-headed hydra looks frightened!
The torpor snail resists with almost no effort.
The death yak resists with almost no effort.
You block the death yak's attack. You block the torpor snail's attack.
Okay, then.
Okay, then.
As you read the scroll of teleportation, it crumbles to dust.
You feel strangely unstable. You block the death yak's attack.
The torpor snail bites you.
* * * LOW HITPOINT WARNING * * *
The death yak gores you!!
* * * LOW HITPOINT WARNING * * *
You feel better. The death yak gores you!
* * * LOW HITPOINT WARNING * * *
The torpor snail closely misses you.
You fade into invisibility!
You block the death yak's attack. The torpor snail bites you!
You die...

.##≈..###..##....#~~~#........≈≈≈
..##:.≈#§§.≈.....#~~~#........≈.≈
.##≈[.§#§..§.....#~~~.........≈.≈
..#######..#......~~~~........≈.≈
..#### ##..#......~~~~...........
..<#o###..........~~~~...........
#####o...........~~~~#...........
####....#......†.#~o~~...........
##.....##.......@...P............
...............Yw.........)......
.................................
..................#..............
..................#..............
...................P.............
#.###..##.............#..........
.## #####.............#####.##...
## #.............## ##.##..


You could see a death yak (unable to see you), a torpor snail (unable to see
you) and a friendly orc priest (slow).

Vanquished Creatures
  2 hydras
  3 two-headed ogres
  4 centaur warriors
  A boulder beetle (D:14)
  A tengu warrior (D:15)
  3 skeletal warriors (D:12)
  2 lindwurms (Lair:4)
  An orc knight (Orc:1)
  2 cyclopes
  A necromancer (D:15)
  An ugly thing (D:11)
  3 manticores
  Joseph (D:10)
  2 kobold blastminers (Orc:1)
  3 black mambas
  4 elephants
  A gargoyle (D:11)
  11 cane toads
  A rime drake (Lair:1)
  An efreet (D:13)
  A tengu conjurer (D:15)
  3 komodo dragons
  5 trolls
  A hornet (D:7)
  3 merfolk
  2 polar bears
  9 blink frogs
  6 slime creatures (D:15)
  A centaur simulacrum (D:14)
  A shadow (D:13)
  3 wyverns
  A vampire (D:12)
  A wraith (D:10)
  A wyvern (shapeshifter) (D:15)
  35 yaks
  A warg (Orc:1)
  4 vampire mosquitoes (D:10)
  5 basilisks
  2 steam dragons (D:9)
  4 water moccasins
  7 orc warriors
  2 ice beasts
  2 black bears
  3 ogres
  6 wolves (Lair:1)
  3 centaurs
  2 phantoms
  7 bullfrogs
  2 gnoll sergeants
  6 scorpions
  17 wights
  6 killer bees (D:10)
  5 howler monkeys
  5 electric eels
  A bombardier beetle (D:6)
  6 hounds
  2 orc priests
  4 jellies
  2 iguanas
  3 sleepcaps
  A gnoll bouda (D:6)
  7 orc wizards
  7 adders
  14 gnolls
  2 shadow imps
  2 white imps
  8 ufetubi
  2 ribbon worms
  6 dart slugs
  16 orcs
  7 endoplasms
  2 giant cockroaches
  8 goblins
  5 hobgoblins
  3 quokkas
  5 ball pythons
  5 bats
  3 frilled lizards
  8 kobolds
  8 rats
347 creatures vanquished.

Vanquished Creatures (collateral kills)
  2 vault guards (D:13)
  A catoblepas (Lair:4)
  A centaur warrior (D:13)
  A two-headed ogre (D:11)
  A deep elf archer (D:13)
  A lindwurm (Lair:4)
  6 elephants
  2 black mambas
  A gargoyle (D:13)
  3 cane toads
  A komodo dragon (Lair:2)
  A troll (D:13)
  2 merfolk (Lair:2)
  6 dream sheep (Lair:4)
  3 blink frogs (Lair:3)
  11 yaks
  3 water moccasins
  2 black bears
  An ogre (Orc:1)
  A centaur (D:12)
  5 bullfrogs
  A scorpion (D:8)
  An electric eel (D:8)
  A howler monkey (D:11)
  An orc priest (Orc:1)
  4 hell rats (Lair:2)
  7 orc wizards
  A white imp (D:8)
  9 orcs
80 creatures vanquished.

Vanquished Creatures (others)
  2 orc priests
  7 orc warriors
  A basilisk (D:14)
  A water moccasin (D:8)
  6 orc wizards
  16 orcs
33 creatures vanquished.

Grand Total: 460 creatures vanquished

Notes
Turn   | Place    | Note
-------+----------+-------------------------------------------
     0 | D:1      | bluebelleknoll the Hill Orc Monk began the quest for the
                  | Orb.
     0 | D:1      | Reached XP level 1. HP: 19/19 MP: 1/1
   102 | D:1      | Reached XP level 2. HP: 25/27 MP: 2/2
   940 | D:2      | Reached XP level 3. HP: 34/34 MP: 3/3
  1348 | D:2      | Reached skill level 5 in Axes
  1348 | D:2      | Reached skill level 1 in Armour
  1668 | D:3      | Reached XP level 4. HP: 40/41 MP: 4/4
  1692 | D:3      | Became a worshipper of Beogh the Brigand
  1692 | D:3      | Reached * piety under Beogh
  1692 | D:3      | Reached ** piety under Beogh
  1752 | D:3      | Found a basalt altar of Yredelemnul.
  1894 | D:3      | Found a shadowy altar of Dithmenos.
  1939 | D:3      | Found a snail-covered altar of Cheibriados.
  1994 | D:3      | Learned a level 2 spell: Blink
  2428 | D:3      | Reached skill level 1 in Throwing
  2428 | D:3      | Reached XP level 5. HP: 38/47 MP: 5/5
  2593 | D:4      | Noticed an ice beast
  2721 | D:3      | Reached skill level 5 in Fighting
  3172 | D:4      | Reached XP level 6. HP: 43/56 MP: 6/6
  3214 | D:4      | Reached skill level 6 in Axes
  3335 | D:4      | Found a staircase to the Ecumenical Temple.
  3390 | D:4      | Killed an ice beast
  3391 | D:4      | Reached XP level 7. HP: 62/62 MP: 7/7
  3403 | D:4      | Found a glowing silver altar of Zin.
  3403 | D:4      | Found a sparkling altar of Nemelex Xobeh.
  3880 | D:5      | Entered Level 5 of the Dungeon
  3886 | D:5      | Reached skill level 7 in Axes
  4195 | D:5      | Reached XP level 8. HP: 71/71 MP: 8/8
  4487 | D:5      | Found Nycsat's Assorted Antiques.
  4495 | D:5      | Noticed Grinder
  4708 | D:5      | Bought a shimmering lead ring for 135 gold pieces
  4708 | D:5      | Identified the ring of Aphin {rPois Dex+6} (You bought it
                  | in a shop on level 5 of the Dungeon)
  5072 | D:6      | Identified the +2 leather armour of Action {Rampage rN+
                  | Int+2}
  5087 | D:6      | Reached skill level 5 in Armour
  5179 | D:6      | Reached skill level 8 in Axes
  5396 | D:6      | Found a broken altar of Ashenzari.
  5445 | D:6      | Reached *** piety under Beogh
  5904 | D:7      | Found a burning altar of Makhleb.
  5937 | D:7      | Reached skill level 1 in Invocations
  5951 | D:7      | Noticed a hornet
  5965 | D:7      | Killed a hornet
  5966 | D:7      | Reached skill level 9 in Axes
  5966 | D:7      | Reached XP level 9. HP: 53/82 MP: 8/10
  6267 | D:7      | Found an opulent altar of Gozag.
  6366 | D:7      | Noticed a troll
  6368 | D:7      | Found a roughly hewn altar of Beogh.
  6368 | D:7      | Found a transporter.
  6475 | D:7      | Found a transporter.
  6477 | D:7      | Noticed a cyclops
  6598 | D:7      | Found Vibb's Distillery.
  6602 | D:7      | Bought a potion of curing for 39 gold pieces
  6602 | D:7      | Bought a potion of haste for 130 gold pieces
  6602 | D:7      | Bought a potion of curing for 39 gold pieces
  6979 | D:8      | Found a blossoming altar of Fedhas.
  7056 | D:8      | Found a staircase to the Lair.
  7058 | D:8      | Reached skill level 10 in Axes
  7061 | D:8      | Reached skill level 5 in Invocations
  7075 | D:8      | Noticed a two-headed ogre
  7184 | D:8      | Killed a two-headed ogre
  7185 | D:8      | Reached XP level 10. HP: 82/93 MP: 14/14
  7235 | D:8      | Found a bloodstained altar of Trog.
  7410 | D:8      | Reached skill level 10 in Fighting
  8098 | D:8      | Reached skill level 11 in Axes
  8354 | D:8      | Found a white marble altar of Elyvilon.
  8813 | D:9      | Noticed a two-headed ogre
  8821 | D:9      | Killed a two-headed ogre
  9760 | D:9      | Found a stormy altar of Qazlal.
  9796 | D:9      | Found a glowing golden altar of the Shining One.
  9929 | D:9      | Reached XP level 11. HP: 80/101 MP: 15/17
 10149 | D:10     | Entered Level 10 of the Dungeon
 10166 | D:9      | Reached skill level 12 in Axes
 10491 | D:10     | Noticed Joseph
 10518 | D:10     | Killed Joseph
 10631 | D:10     | Found a hazy altar of Hepliaklqana.
 10878 | D:10     | Reached **** piety under Beogh
 10963 | D:11     | Noticed a purple ugly thing
 11341 | Lair:1   | Entered Level 1 of the Lair of Beasts
 11387 | Lair:1   | Reached skill level 10 in Armour
 11494 | Lair:1   | Reached skill level 13 in Axes
 11611 | Lair:1   | Reached skill level 10 in Invocations
 11728 | Lair:1   | Reached XP level 12. HP: 106/112 MP: 19/19
 12926 | Lair:2   | Reached skill level 14 in Axes
 13082 | Lair:2   | Found a staircase to the Shoals.
 13701 | Lair:2   | You fall into a shaft and drop 1 floor!
 14087 | Lair:2   | Reached skill level 15 in Axes
 14138 | Lair:2   | Found a transporter.
 14288 | Lair:2   | Found a transporter.
 14781 | Lair:3   | Reached XP level 13. HP: 124/124 MP: 21/21
 14818 | Lair:3   | Found a staircase to the Snake Pit.
 15353 | Lair:4   | Gained Boruk as an ally
 15481 | Lair:4   | Reached skill level 16 in Axes
 15621 | Lair:4   | Reached skill level 15 in Fighting
 16696 | Lair:5   | Entered Level 5 of the Lair of Beasts
 17064 | Lair:5   | Noticed Snorg
 17267 | D:11     | Found a runed translucent door.
 17267 | D:11     | Noticed RockinRobin's ghost (journeyman DsCK)
 17932 | D:11     | Reached skill level 17 in Axes
 18297 | D:11     | Identified a scroll of acquirement
 18298 | D:11     | Acquired the +3 warlock's mirror {omnireflect}
 18298 | D:11     | Found the +3 warlock's mirror {omnireflect}
 18376 | D:11     | Reached skill level 1 in Shields
 18908 | D:12     | Found a staircase to the Orcish Mines.
 19229 | D:12     | Identified the +2 long sword of Death's Door {elec, rElec
                  | rN++ rCorr Stlth-}
 19409 | D:12     | Learned a level 2 spell: Sublimation of Blood
 19482 | D:13     | Reached skill level 5 in Shields
 19786 | D:13     | Reached XP level 14. HP: 125/136 MP: 22/22
 20250 | D:13     | You fall into a shaft and drop 2 floors!
 20250 | D:15     | Entered Level 15 of the Dungeon
 20406 | D:15     | Acquired the ring "Qyaheysch" {Wiz ^Drain Fly rF++}
 21159 | D:14     | Found Tabicil's Antique Weapon Boutique.
 21558 | D:14     | Found a gate to the Vaults.
 22256 | Orc:1    | Entered Level 1 of the Orcish Mines
 22312 | Orc:1    | Reached skill level 10 in Shields
 22655 | Orc:1    | Found a shimmering blue altar of Sif Muna.
 22976 | Lair:4   | HP: 6/136 [death yak (20)]
 22978 | Lair:4   | Slain by a torpor snail

Illustrated notes

Levels and vault maps discovered:
D:1:      denvon_arrival_planthouse, layout_basic
D:2:      layout_loops_ring
D:3:      layout_loops_cross, nicolae_overflow_crystal_walls,
          mainiacjoe_overflow_24_doors, slow_altar_1, serial_forest,
          infiniplex_forest_clump_long, infiniplex_forest_lined_3_way,
          infiniplex_forest_corner_2, infiniplex_forest_lined_ring,
          infiniplex_forest_straight_1, infiniplex_forest_clump_small,
          infiniplex_forest_diagonal, infiniplex_forest_straight_1,
          grunt_ministairs_13
D:4:      layout_basic, gammafunk_temple_overflow_wave,
          minmay_temple_entry_junction_2, minmay_hedge_maze
D:5:      layout_basic, ebering_ghost_reflecting_pool, serial_shops,
          nicolae_diamond_shop, uniq_crazy_yiuf_cottage, uniq_grinder
D:6:      layout_basic, evilmike_ruin_ashenzari
D:7:      gammafunk_beogh_shrine, layout_basic,
          mainiacjoe_overflow_tiny_flanked, nicolae_gozag_seed_capital,
          serial_shops, nicolae_shop_back_alley_shop
D:8:      layout_gridville, nicolae_elyvilon_temple_path, old_standard_altar,
          kennysheep_mini, due_lair_maze_entry_diamond, serial_bayou,
          serial_bayou_crossing, serial_bayou_shore_a, serial_bayou_shore_b,
          serial_bayou_lake_a
D:9:      layout_roguey, tso_metal_star, mainiacjoe_overflow_brackets
D:10:     layout_grid_maze, worldfamousw_hep_ancestral_shrine, uniq_joseph
D:11:     layout_grid_maze, hellmonk_ghost_happy_afterlife
D:12:     layout_cave_pools, david_orc_3
D:13:     layout_gridville, serial_glass, glass_columns_a, glass_columns_c,
          glass_columns_c, glass_columns_b, glass_columns_a, glass_columns_a,
          glass_columns_b, glass_columns_a, hangedman_fish_farm
D:14:     layout_long_grid, lightli_vaults_fourway_checkpoint, serial_shops,
          nicolae_diamond_shop, minmay_more_statues
D:15:     hangedman_depths_entry_civil_slaughter, layout_irregular_city
Lair:1:   layout_chaotic_city
Lair:2:   gammafunk_worm_tunnel, layout_regular_city, elwin_shoals_entry_stream,
          pdpol_lair_neglected_garden, grunt_megastairs_5
Lair:3:   layout_loops_ring, dummy_snake_entry
Lair:4:   layout_gridlike, minivault_11, chequers_serial_rivers_micro_d,
          nicolae_lair_lindhole
Lair:5:   wormcave, layout_gridlike, guppyfry_lair_end_dragon,
          dpeg_slime_entry_enclosed, uniq_snorg, uniq_rupert
Orc:1:    layout_caves, led_sif_book

Skill      XL: |  1  2  3  4  5  6  7  8  9 10 11 12 13 14 |
---------------+-------------------------------------------+-----
Fighting       | 4 5 6 8 9 10 12 14 15 | 15.9
Axes           | 5 6 7 9 10 11 13 15 17 | 17.2
Armour         | 1 2 3 4 6 7 9 10 11 | 11.2
Throwing       | 1 2 3 |  3.0
Invocations    | 2 6 8 10 11 | 11.3
Shields        | 6 10 | 10.3
Dodging        | |  2.4

Action                     |  1- 3 |  4- 6 |  7- 9 | 10-12 | 13-15 || total
---------------------------+-------+-------+-------+-------+-------++-------
  Melee: Hand axe          |    80 |   130 |       |       |       ||   210
         War axe           |       |    39 |   199 |   562 |   355 ||  1155
  Throw: Javelin           |       |       |    13 |     4 |     1 ||    18
 Invoke: Convert to Beogh  |       |     1 |       |       |       ||     1
         Smiting           |       |     1 |     9 |    13 |    17 ||    40
         Recall Orcish Fol |       |       |       |       |     1 ||     1
  Evoke: Wand              |       |       |     7 |     5 |     8 ||    20
         Phantom mirror    |       |       |       |       |     2 ||     2
    Use: Scroll            |       |     2 |     1 |    14 |    16 ||    33
         Potion            |       |       |       |       |     2 ||     2
   Stab: Distracted        |       |       |     2 |     9 |     3 ||    14
         Paralysed         |       |       |       |       |     7 ||     7
         Confused          |       |       |       |       |     2 ||     2
 Armour: Robe              |     6 |       |       |       |       ||     6
         Leather armour    |    28 |   106 |   149 |   112 |       ||   395
         Troll leather arm |       |       |       |   212 |       ||   212
         Scale mail        |       |       |       |   134 |   292 ||   426
  Dodge: Dodged            |    55 |    76 |   137 |   310 |   144 ||   722
  Block: Buckler           |       |       |       |       |   167 ||   167
         Reflection        |       |       |       |       |    19 ||    19
